 Dungeon Crawl Stone Soup version 0.18.1-48-g4cf74bf (webtiles) character file.

191 nikopol the Chopper (level 5, 0/47 HPs)
             Began as a Hill Orc Berserker on Aug 10, 2016.
             Was a Believer of Trog.
             Killed by divine providence
             ... invoked by an orc priest
              (12 damage)
             ... on level 3 of the Dungeon.
             The game lasted 00:06:28 (2262 turns).

nikopol the Chopper (Hill Orc Berserker)            Turns: 2262, Time: 00:06:29

Health: 0/47       AC: 12    Str: 21    XL:     5   Next: 70%
Magic:  5/5        EV:  8    Int:  7    God:    Trog [**....]
Gold:   31         SH:  0    Dex: 10    Spells: 0 memorised, 4 levels left

rFire  . . .     SeeInvis .     a - +0 hand axe
rCold  . . .     Gourm    .     p - +0 chain mail
rNeg   . . .     Faith    .     (no shield)
rPois  .         Spirit   .     (no helmet)
rElec  .         Dismiss  .     d - +2 cloak
rCorr  .         Reflect  .     (no gloves)
SustAt .         Harm     .     (no boots)
MR     .....                    (no amulet)
Stlth  ..........               (no ring)
                                (no ring)

@: lethally poisoned (0 -> -16), not resistant to hostile enchantments,
extremely unstealthy
A: no striking features
a: Berserk, Trog's Hand, Burn Spellbooks, Renounce Religion, Convert to Beogh


You were on level 3 of the Dungeon.
You worshipped Trog.
Trog was pleased with you.
You were not hungry.

You visited 1 branch of the dungeon, and saw 3 of its levels.

You collected 31 gold pieces.

Inventory:

Hand Weapons
 a - a +0 hand axe (weapon)
Missiles
 j - 21 arrows (quivered)
Armour
 b - a +0 animal skin
 d - a +2 cloak (worn)
 i - a +0 leather armour
 p - a +0 chain mail (worn)
Jewellery
 g - an uncursed ring of fire {unknown}
 n - an uncursed ring of protection from fire {unknown}
Scrolls
 e - 2 scrolls of teleportation
 l - a scroll of fear
Potions
 f - a potion of resistance {unknown}
 h - a potion of brilliance {unknown}
 k - a potion of curing {unknown}
 o - a potion of invisibility {unknown}
 r - a potion of cancellation {unknown}
Comestibles
 c - 3 bread rations
 q - a royal jelly
 s - 2 fruits
 t - a meat ration
 u - 8 chunks of flesh


   Skills:
 + Level 4.9 Fighting
 + Level 5.2 Axes
 + Level 3.7 Armour
 + Level 2.7 Dodging


You had 4 spell levels left.
You didn't know any spells.

Dungeon Overview and Level Annotations

Branches:
Dungeon (3/15)

Altars:
Trog


Message History

You barely resist. You hit the orc.
You kill the orc!
Trog accepts your kill.
You slash the orc priest!
The orc priest is heavily wounded.
You feel sick.
The orc priest miscasts a cantrip.
Your chain mail prevents you from hitting the orc priest.
The orc priest is heavily wounded.
* * * LOW HITPOINT WARNING * * *
You feel sick.
The orc priest hits you but does no damage.
You hit the orc priest but do no damage.
The orc priest is heavily wounded.
* * * LOW HITPOINT WARNING * * *
You feel sick.
The orc priest invokes the aid of Beogh against you.
Beogh smites you!
You die...

#. ...... #.......
#...... #.#.......#
# #.... ....#
##.###...##.#...
.......)o.#....
#...@#......
#####.#..#.#.#
#..........#.#
#.......####)#
....####..####.#
##............#.#
###
#...#.###.###.#.#
..# ##
...#.....(...#.# #.#
...###.#.######.##.#


You could see an orc priest.

Vanquished Creatures
  Jessica (D:2)
  4 gnolls (D:2)
  5 adders
  An ooze (D:2)
  3 worms
  2 dart slugs (D:1)
  3 giant geckos
  3 orcs
  6 giant cockroaches
  8 goblins
  7 hobgoblins
  2 kobolds (D:2)
  3 quokkas
  6 bats
  4 giant newts
  4 rats
62 creatures vanquished.

Notes
Turn   | Place    | Note
--------------------------------------------------------------
     0 | D:1      | nikopol the Hill Orc Berserker began the quest for the Orb.
     0 | D:1      | Reached XP level 1. HP: 19/19 MP: 1/1
    85 | D:1      | Reached XP level 2. HP: 12/27 MP: 2/2
   735 | D:2      | Reached XP level 3. HP: 22/33 MP: 3/3
   839 | D:2      | Found a bloodstained altar of Trog.
  1181 | D:2      | Reached XP level 4. HP: 18/41 MP: 4/4
  1413 | D:2      | Reached ** piety under Trog
  1494 | D:2      | Noticed Jessica
  1504 | D:2      | Killed Jessica
  1618 | D:2      | Reached skill level 5 in Axes
  1618 | D:2      | Reached XP level 5. HP: 45/47 MP: 5/5
  1854 | D:2      | Found a bloodstained altar of Trog.
  2262 | D:3      | Killed from afar by an orc priest

Skill      XL: |  1  2  3  4 |
---------------+-------------+-----
Fighting       | 4 |  4.9
Armour         | 3 |  3.7
Dodging        | 2 |  2.7
Axes           | 5 |  5.2

Action                   |  1- 3 |  4- 6 || total
-------------------------+-------+-------++-------
Melee: Hand axe          |    83 |   151 ||   234
  Use: Scroll            |       |     4 ||     4
  Eat: Chunk             |     1 |     4 ||     5
Armor: Animal skin       |     1 |       ||     1
       Leather armour    |    21 |    24 ||    45
       Chain mail        |       |    55 ||    55
Dodge: Dodged            |    39 |    73 ||   112
